 Dungeon Crawl Stone Soup version 0.24-a0-429-g4608c8fa30 (webtiles) character file.

Game seed: 2171395576278352081

1506 KristoblXynda the Chucker (level 8, -9/83 HPs)
             Began as an Ogre Hunter on June 13, 2019.
             Was an Initiate of Yredelemnul.
             Mangled by a two-headed ogre
             ... wielding a cursed -1 giant club
              (15 damage)
             ... on level 6 of the Dungeon.
             The game lasted 00:09:03 (5313 turns).

KristoblXynda the Chucker (Ogre Hunter)             Turns: 5313, Time: 00:09:03

Health: -9/83      AC:  6    Str: 18    XL:     8   Next: 82%
Magic:  8/8        EV: 11    Int: 12    God:    Yredelemnul [......]
Gold:   231        SH:  0    Dex: 10    Spells: 7/7 levels left

rFire    . . .     SeeInvis .   m - +4 quarterstaff (chaos)
rCold    + . .     Gourm    .   (shield currently unavailable)
rNeg     . . .     Faith    .   k - +2 robe {rC+}
rPois    .         Spirit   .   (helmet restricted)
rElec    .         Reflect  .   b - +0 cloak
rCorr    .         Harm     .   (gloves unavailable)
MR       .....                  (boots unavailable)
Stlth    +.........             (no amulet)
HPRegen  0.23/turn              (no ring)
MPRegen  0.11/turn              (no ring)

@: no status effects
A: large, unfitting armour, tough skin 1
a: Renounce Religion


You were on level 6 of the Dungeon.
You worshipped Yredelemnul.
Yredelemnul was noncommittal.
You were not hungry.

You visited 2 branches of the dungeon, and saw 7 of its levels.

You collected 231 gold pieces.

Inventory:

Hand Weapons
 m - a +4 quarterstaff of chaos (weapon)
 q - a +0 flail of draining
 t - a +0 giant spiked club
Missiles
 c - 5 large rocks (quivered)
 d - 2 throwing nets
Armour
 b - a +0 cloak (worn)
 k - a +2 robe of cold resistance (worn)
 l - +0 fire dragon scales
Wands
 a - a wand of polymorph (8)
 y - a wand of digging (5)
Scrolls
 h - 3 scrolls of teleportation
 n - a scroll of enchant armour {unknown}
 o - a scroll of noise {unknown}
 p - 2 scrolls of enchant weapon {unknown}
 r - a scroll of fear
 u - a scroll of magic mapping {unknown}
 v - a scroll of remove curse {unknown}
 B - a scroll of fog {unknown}
Potions
 e - 3 potions of haste
 g - a potion of heal wounds {unknown}
 i - 3 potions of cancellation
 j - 2 potions of curing
 s - a potion of berserk rage
 w - a potion of mutation {unknown}
 x - a potion of agility {unknown}
 z - a potion of might {unknown}
Comestibles
 f - 11 rations
 A - 3 chunks of flesh


   Skills:
 - Level 6.1 Fighting
 - Level 2.2(3.2) Maces & Flails
 + Level 3.8(4.2) Staves
 + Level 6.6 Throwing
 + Level 3.1 Armour
 + Level 4.9 Dodging
 - Level 0.6 Stealth


You had 7 spell levels left.
You didn't know any spells.
Your spell library contained the following spells:

 Spells                   Type           Power        Failure   Level  Hunger
 Shock                    Conj/Air       #...         32%         1    ##.....
 Swiftness                Chrm/Air       #.......     45%         2    ###....
 Static Discharge         Conj/Air       #.......     69%         3    ####...
 Airstrike                Air            #.........   97%         4    #####..
 Lightning Bolt           Conj/Air       #.........   100%        5    ######.


Dungeon Overview and Level Annotations

Branches:
Dungeon (6/15)             Temple (1/1) D:5

Altars:
Cheibriados
Dithmenos
Fedhas
Hepliaklqana
Kikubaaqudgha
Qazlal
Ru
Sif Muna
Trog
Uskayaw
Vehumet
Xom
Yredelemnul
The Shining One

Shops:
D:5 :


Innate Abilities, Weirdness & Mutations

You are too large for most types of armour.
You have tough skin. (AC +1)


Message History

The two-headed ogre hits you with a cursed -1 giant club!
The two-headed ogre hits you with a +0 giant club!
You hit the two-headed ogre. You drain the two-headed ogre.
The two-headed ogre is almost dead.
The two-headed ogre hits you with a cursed -1 giant club!
The two-headed ogre misses you.
Throwing (i - inventory. (/) - cycle)
c - 6 large rocks (quivered)
Press: ? - help, Shift-Dir - straight line, f/p - two-headed ogre
Aim: a two-headed ogre, wielding a -1 giant club and a +0 giant club (almost dead, lightly drained)
You throw a large rock.
The large rock barely misses the two-headed ogre.
The two-headed ogre hits you with a cursed -1 giant club!!
* * * LOW HITPOINT WARNING * * *
The two-headed ogre barely misses you.
You sock the two-headed ogre!
The two-headed ogre is almost dead.
The two-headed ogre misses you.
The two-headed ogre hits you with a +0 giant club!
You die...
Your body rises from the dead as a mindless zombie.

####..#...#......#
###..###..#..##...#.$...
.#..## #......##.......#
...#####.......##......# #
..###..#..##....#.........
.......##.##....##.... ...
....##.....####.##..##(...
...###.....###..#......#
##.# ###...##...@O..((#
#..###......#.###....##
#.........#...###..#.#
##........##...#..## #
#...^.............#
............#....##
..#.........##..## ##
####........(...# ## ..#
###........#....### #.#...


You could see a two-headed ogre.

Vanquished Creatures
  A hippogriff (D:5)
  3 ogres
  2 phantoms (D:4)
  A centaur (D:6)
  A bullfrog (D:5)
  2 crimson imps
  A bullfrog zombie (D:5)
  2 hounds
  A jelly (D:5)
  2 bullfrog skeletons
  2 orc priests (D:5)
  Crazy Yiuf (D:2)
  Jessica (D:2)
  Natasha (twice) (D:2)
  3 orc wizards (D:5)
  2 worker ants
  A hound zombie (D:5)
  3 gnolls (D:3)
  8 adders
  An adder zombie (D:6)
  2 adder skeletons (D:4)
  2 worms (D:3)
  A dart slug (D:3)
  4 leopard geckos
  5 orcs
  9 bats
  3 giant cockroaches
  5 goblins
  3 hobgoblins
  7 jackals
  4 kobolds
  A ball python (D:2)
  A ball python skeleton (D:5)
  15 frilled lizards
  A jackal skeleton (D:4)
  A leopard gecko skeleton (D:4)
  A quokka skeleton (D:6)
  11 rats
  A fungus (D:2)
117 creatures vanquished.

Notes
Turn   | Place    | Note
-------+----------+-------------------------------------------
     0 | D:1      | KristoblXynda the Ogre Hunter began the quest for the Orb.
     0 | D:1      | Reached XP level 1. HP: 22/22 MP: 1/1
   126 | D:1      | Reached XP level 2. HP: 29/31 MP: 2/2
   644 | D:2      | Reached XP level 3. HP: 31/37 MP: 3/3
   753 | D:2      | Noticed Jessica
   778 | D:2      | Killed Jessica
   778 | D:2      | Reached skill level 1 in Maces & Flails
   881 | D:2      | Reached XP level 4. HP: 46/46 MP: 4/4
  1145 | D:2      | Noticed Natasha
  1148 | D:2      | Killed Natasha
  1420 | D:2      | Found a blossoming altar of Fedhas.
  1671 | D:2      | Found a runed translucent door.
  1672 | D:2      | Noticed Crazy Yiuf
  1680 | D:2      | Killed Crazy Yiuf
  1680 | D:2      | Reached XP level 5. HP: 46/54 MP: 5/5
  1836 | D:2      | Noticed Natasha
  1838 | D:2      | Killed Natasha
  2214 | D:3      | Reached skill level 5 in Throwing
  2223 | D:3      | Noticed an ogre
  2224 | D:3      | Found a deep blue altar of Sif Muna.
  2233 | D:3      | Killed an ogre
  2233 | D:3      | Reached XP level 6. HP: 55/65 MP: 6/6
  2648 | D:4      | Reached skill level 5 in Fighting
  2661 | D:4      | Found a glowing golden altar of the Shining One.
  2689 | D:4      | Noticed a phantom
  2706 | D:4      | Killed a phantom
  2771 | D:4      | Noticed a phantom
  2791 | D:4      | Killed a phantom
  2791 | D:4      | Reached skill level 1 in Staves
  2791 | D:4      | Reached skill level 1 in Armour
  2791 | D:4      | Reached XP level 7. HP: 49/72 MP: 7/7
  3082 | D:4      | Found a bloodstained altar of Trog.
  3083 | D:4      | Found a shimmering altar of Xom.
  3225 | D:4      | Found a stormy altar of Qazlal.
  3299 | D:5      | Entered Level 5 of the Dungeon
  3305 | D:5      | Found an ancient bone altar of Kikubaaqudgha.
  3470 | D:5      | Noticed a hippogriff
  3476 | D:5      | Killed a hippogriff
  3476 | D:5      | Reached XP level 8. HP: 43/83 MP: 8/8
  3787 | D:5      | Found a staircase to the Ecumenical Temple.
  4224 | D:5      | Found Jeag's Book Emporium.
  4229 | Temple   | Entered the Ecumenical Temple
  4253 | Temple   | Became a worshipper of Yredelemnul the Dark
  4971 | D:5      | Found a hazy altar of Hepliaklqana.
  5303 | D:6      | Noticed a two-headed ogre
  5313 | D:6      | Mangled by a two-headed ogre

Levels and vault maps discovered:
D:1:      sevenhm_arrival_forest_fort_large_4, layout_rooms
D:2:      layout_loops_ring, fedhas_altar_1, uniq_jessica, uniq_natasha,
          uniq_crazy_yiuf_cottage
D:3:      layout_rooms, nicolae_overflow_crystal_walls, minmay_lizard_king
D:4:      layout_cave_pools, nicolae_tso_swordbearing_angel,
          gammafunk_temple_overflow_statue, first_ration,
          nicolae_qazlal_eye_of_the_storm
D:5:      layout_loops_corners, kennysheep_mini, minmay_temple_entry_junction_2,
          serial_shops, shop_statue, basic_altar
D:6:      layout_cave_pools
Temple:   eino_temple_rhombus

Skill      XL: |  1  2  3  4  5  6  7  8 |
---------------+-------------------------+-----
Fighting       | 3 4 5 6 |  6.1
Dodging        | 2 3 4 |  4.9
Maces & Flails | 1 2 |  2.2
Throwing       | 5 6 |  6.6
Staves         | 1 2 3 |  3.8
Armour         | 1 2 3 |  3.1
Stealth        | |  0.6

Action                   |  1- 3 |  4- 6 |  7- 9 || total
-------------------------+-------+-------+-------++-------
Melee: Short sword       |    18 |       |       ||    18
       Mace              |    68 |    40 |       ||   108
       Quarterstaff      |       |   111 |   103 ||   214
Throw: Large rock        |       |    10 |    11 ||    21
  Use: Scroll            |       |     4 |     3 ||     7
 Stab: Sleeping          |     1 |       |       ||     1
       Petrifying        |       |     1 |       ||     1
       Paralysed         |       |       |     1 ||     1
  Eat: Chunk             |       |     6 |     5 ||    11
       Ration            |       |       |     1 ||     1
Armor: Robe              |    45 |    56 |    30 ||   131
Dodge: Dodged            |    80 |    82 |    60 ||   222

Table legend:
 A = Non-vault XP
 B = Vault XP
 C = Vault XP percentage of total XP
 D = Non-vault monster count
 E = Vault monster count
 F = Vault count percentage of total count
                 A         B        C        D         E       F
            +---------+---------+-------+---------+---------+-------
      Total |    2027 |     125 |   5.8 |     102 |      14 |  12.1
            +---------+---------+-------+---------+---------+-------
        D:1 |      27 |       0 |   0.0 |      16 |       0 |   0.0
        D:2 |      77 |     112 |  59.3 |      21 |       3 |  12.5
        D:3 |     232 |      13 |   5.3 |      24 |      11 |  31.4
        D:4 |     390 |       0 |   0.0 |      11 |       0 |   0.0
        D:5 |    1094 |       0 |   0.0 |      24 |       0 |   0.0
        D:6 |     207 |       0 |   0.0 |       6 |       0 |   0.0
            +---------+---------+-------+---------+---------+-------
